 Seeded DCSS version 0.28-a0-863-g8cecda6153 (webtiles) character file.

Game seed: 20211120 (custom seed)

4201 a11behringer the Spear-Bearer (level 10, 0/85 (86) HPs)
             Began as a Minotaur Berserker on Nov 19, 2021.
             Was a Priest of Trog.
             Slain by a skeletal warrior (11 damage)
             ... on level 8 of the Dungeon.
             The game lasted 00:20:10 (6274 turns).

a11behringer the Spear-Bearer (Minotaur Berserker)  Turns: 6274, Time: 00:20:10

HP:   0/85 (86)     AC: 15    Str: 24    XL:     10   Next: 8%
MP:   9/9           EV:  8    Int:  7    God:    Trog [***...]
Gold: 527           SH:  7    Dex: 15    Spells: 9/9 levels left

rFire   . . .      SeeInvis .   B - +7 spear "Medu" {venom, Drain Int+3 Dex+4 Stlth+}
rCold   . . .      Faith    .   z - +2 buckler
rNeg    . . .      Spirit   .   c - +0 plate armour
rPois   .          Reflect  .   (helmet restricted)
rElec   .          Harm     .   (no cloak)
rCorr   .          Rampage  .   i - +0 pair of gloves
Will    .....                   (no boots)
Stlth   ..........              (no amulet)
HPRegen 0.24/turn               H - ring of flight
MPRegen 0.11/turn               (no ring)

@: on berserk cooldown, flying, slowed, lightly drained, very slow
A: horns 2, retaliatory headbutt
a: Renounce Religion, Berserk, Trog's Hand


You were on level 8 of the Dungeon.
You worshipped Trog.
Trog was most pleased with you.
You visited 1 branch of the dungeon, and saw 8 of its levels.

You collected 527 gold pieces.

Inventory:

Hand Weapons
 a - a +0 spear
 A - a +0 shortbow
 B - the +7 spear "Medu" (weapon) {venom, Drain Int+3 Dex+4 Stlth+}
   (You found it on level 6 of the Dungeon)

   It poisons the flesh of those it strikes.
   Int:       It affects your intelligence (+3).
   Dex:       It affects your dexterity (+4).
   Drain:     It drains your maximum health when unequipped.
   Stlth:     It makes you more stealthy.
Missiles
 g - 61 bolts
 j - 89 arrows
 q - a throwing net (quivered)
 x - 13 sling bullets
Armour
 c - a +0 plate armour (worn)
 i - a +0 pair of gloves (worn)
 k - a +0 kite shield
 z - a +2 buckler (worn)
Jewellery
 n - a ring of magical power
 H - a ring of flight (left hand)
Wands
 u - a wand of mindburst (17)
 F - a wand of charming (7)
 G - a wand of iceblast (7)
Scrolls
 e - 4 scrolls of enchant weapon
 m - 4 scrolls of teleportation {unknown}
 r - 2 scrolls of torment {unknown}
 s - a scroll of magic mapping {unknown}
 w - 4 scrolls of vulnerability {unknown}
 y - 6 scrolls of identify
 C - a scroll of fear {unknown}
 D - a scroll of silence {unknown}
Potions
 b - 4 potions of flight {unknown}
 d - a potion of attraction {unknown}
 f - a potion of curing {unknown}
 h - a potion of invisibility {unknown}
 l - a potion of brilliance {unknown}
 o - a potion of heal wounds {unknown}
 p - a potion of lignification {unknown}
 t - a potion of degeneration {unknown}
 v - a potion of haste {unknown}
 E - a potion of cancellation {unknown}


   Skills:
 + Level 7.5 Fighting
 * Level 13.2 Polearms
 + Level 8.8 Armour
 + Level 2.8 Dodging
 * Level 4.4 Shields


You had 9 spell levels left.
You didn't know any spells.
Your spell library was empty.

Dungeon Overview and Level Annotations

Branches:
Dungeon (8/15)             Temple (0/1) D:4
   Lair: D:8-11

Altars:
Ashenzari
Fedhas
Nemelex Xobeh
Sif Muna
Vehumet
Xom
Yredelemnul
The Shining One

Shops:
D:4 (

Annotations:
D:6 exclusion: oklob plant


Innate Abilities, Weirdness & Mutations

You have a pair of horns on your head.
You reflexively headbutt those who attack you in melee.


Message History

The skeletal warrior is heavily damaged.
You are no longer berserk.
You are exhausted.
You feel yourself slow down.
The skeletal warrior hits you with a +0 long sword!!
You closely miss the skeletal warrior.
The skeletal warrior is heavily damaged.
You hit the skeletal warrior.
Your headbutt misses the skeletal warrior.
The skeletal warrior is heavily damaged.
The skeletal warrior hits you but does no damage.
You hit the skeletal warrior but do no damage.
Your headbutt misses the skeletal warrior.
The skeletal warrior is heavily damaged.
The skeletal warrior hits you with a +0 long sword!
You hit the skeletal warrior but do no damage.
The skeletal warrior is heavily damaged.
You block the skeletal warrior's attack.
You closely miss the skeletal warrior.
The skeletal warrior is heavily damaged.
You hit the skeletal warrior but do no damage.
The skeletal warrior is heavily damaged.
The skeletal warrior hits you with a +0 long sword!!
You hit the skeletal warrior but do no damage.
The skeletal warrior is heavily damaged.
You block the skeletal warrior's attack. x2
You feel the effects of Trog's Hand fading.
The skeletal warrior completely misses you.
You furiously retaliate!
You headbutt the skeletal warrior.
The skeletal warrior hits you but does no damage.
Things that are here:
a +2 whip of draining; a +0 ring mail The skeletal warrior hits you with a +0 long sword.
The skeletal warrior hits you with a +0 short sword!!
* * * LOW HITPOINT WARNING * * *
Your skin stops crawling.
You feel less strong-willed.
You see here a +0 shortbow.
The skeletal warrior hits you but does no damage.
The skeletal warrior hits you with a +0 long sword!
You die...

#.#.. #.#.# . #.#.# .# # ###
#.#.##.. #.# #.# #†#...
#.#.##.####†#.##..#..#
..............#..#..## ..#.
.#.#.##.##......#...........
...........#@#..#.....# #..# .
.#.#.#..##.#z#..#.....# #..#.
.. #.#.#..##.#z#..#.....# #....
.#.#.#.#.....))#..#.....###.##.
...............................
...........................c...
....##.....................Y.Z.
... #....##......)...#.##..Y..
# #..........))....#.##..._.


You could see 2 skeletal warriors.

Vanquished Creatures
  A skeletal warrior (D:8)
  Prince Ribbit (D:6)
  4 yaks (D:8)
  2 wyverns
  A water moccasin (D:5)
  2 ogres
  An orc warrior (D:8)
  3 ice beasts
  2 sky beasts
  2 necrophages
  2 centaurs
  A kobold brigand (D:7)
  A gnoll sergeant (D:6)
  2 bullfrogs
  4 scorpions
  A wyvern zombie (D:7)
  6 howler monkeys
  3 hounds
  An orc priest (D:4)
  2 centaur skeletons
  A jelly (D:6)
  3 iguanas
  3 orc wizards (D:8)
  A howler monkey zombie (D:8)
  8 gnolls
  13 adders
  A shadow imp (D:5)
  3 white imps
  An adder skeleton (D:4)
  A worm (D:5)
  A dart slug (D:3)
  7 orcs
  8 bats
  6 endoplasms
  2 giant cockroaches
  7 goblins
  6 hobgoblins
  4 jackals (D:1)
  22 kobolds
  5 quokkas
  9 ball pythons
  5 rats
159 creatures vanquished.

Vanquished Creatures (others)
  8 fungi (D:6)
  27 plants
35 creatures vanquished.

Grand Total: 194 creatures vanquished

Notes
Turn   | Place    | Note
-------+----------+-------------------------------------------
     0 | D:1      | a11behringer the Minotaur Berserker began the quest for the
                  | Orb.
     0 | D:1      | Reached XP level 1. HP: 19/19 MP: 0/0
   213 | D:1      | Reached XP level 2. HP: 27/27 MP: 1/1
   276 | D:1      | Reached skill level 4 in Polearms
   506 | D:2      | Reached ** piety under Trog
   507 | D:2      | Reached XP level 3. HP: 28/33 MP: 2/2
   919 | D:2      | Found a faded altar of an unknown god.
  1145 | D:3      | Reached skill level 5 in Polearms
  1219 | D:3      | Reached XP level 4. HP: 31/41 MP: 3/3
  1947 | D:4      | Noticed a necrophage
  1956 | D:4      | Killed a necrophage
  1957 | D:4      | Reached skill level 6 in Polearms
  1957 | D:4      | Reached XP level 5. HP: 47/47 MP: 4/4
  1978 | D:4      | Found a staircase to the Ecumenical Temple.
  2022 | D:4      | Reached skill level 7 in Polearms
  2026 | D:4      | Reached XP level 6. HP: 45/53 MP: 5/5
  2110 | D:4      | Found a broken altar of Ashenzari.
  2117 | D:4      | Found a radiant altar of Vehumet.
  2184 | D:4      | Reached *** piety under Trog
  2187 | D:4      | Reached skill level 5 in Fighting
  2225 | D:4      | Found Icoasizy's Antique Weapon Emporium.
  2455 | D:4      | Reached skill level 8 in Polearms
  2458 | D:4      | Reached XP level 7. HP: 28/61 MP: 6/6
  2765 | D:5      | Entered Level 5 of the Dungeon
  2877 | D:5      | Found a basalt altar of Yredelemnul.
  2901 | D:5      | Found a glowing golden altar of the Shining One.
  3096 | D:5      | Reached skill level 9 in Polearms
  3204 | D:5      | Reached skill level 5 in Armour
  3204 | D:5      | Reached XP level 8. HP: 32/70 MP: 7/7
  3548 | D:5      | Reached skill level 10 in Polearms
  4333 | D:6      | Noticed Prince Ribbit
  4366 | D:6      | Killed Prince Ribbit
  4367 | D:6      | Reached skill level 1 in Shields
  4661 | D:6      | Identified the +7 spear "Medu" {venom, Drain Int+3 Dex+4
                  | Stlth+}
  4702 | D:6      | Reached skill level 11 in Polearms
  4858 | D:6      | Found a blossoming altar of Fedhas.
  4873 | D:6      | Noticed an oklob plant
  5370 | D:7      | Reached XP level 9. HP: 78/78 MP: 8/8
  5973 | D:8      | Noticed a skeletal warrior
  5987 | D:8      | Killed a skeletal warrior
  5988 | D:8      | Reached skill level 12 in Polearms
  6050 | D:8      | Found a shimmering blue altar of Sif Muna.
  6053 | D:8      | Found a sparkling altar of Nemelex Xobeh.
  6053 | D:8      | Found a shimmering altar of Xom.
  6110 | D:8      | Reached skill level 13 in Polearms
  6114 | D:8      | Reached XP level 10. HP: 49/86 MP: 9/9
  6243 | D:8      | Noticed a skeletal warrior
  6252 | D:8      | Noticed a skeletal warrior
  6274 | D:8      | Slain by a skeletal warrior

Illustrated notes

Levels and vault maps discovered:
D:1:      wheals_arrival_shading, layout_rooms
D:2:      minmay_kobold_bridge, layout_rooms,
          dilly_ecumenical_altar_fadedgnrine, amcnicky_mini_pool_small,
          chequers_serial_rivers_small_b
D:3:      layout_rooms, serial_bayou_pond_b
D:4:      layout_cave_pools, mainiacjoe_overflow_big_doors,
          minmay_temple_entry_junction, serial_shops, nicolae_shop_trees
D:5:      layout_basic, grunt_temple_overflow_holy_war, hangedman_glass_teeth,
          kennysheep_generic_room_2
D:6:      layout_basic, tgw_fedhas, grunt_ministairs_4, uniq_prince_ribbit1
D:7:      layout_basic
D:8:      minmay_flawed_box, layout_basic, mainiacjoe_overflow_surrounded_room,
          grunt_temple_overflow_open

Skill      XL: |  1  2  3  4  5  6  7  8  9 |
---------------+----------------------------+-----
Fighting       | 4 5 6 7 |  7.5
Polearms       | 4 5 6 7 8 9 11 13 | 13.2
Armour         | 3 4 5 7 8 |  8.8
Shields        | 2 4 |  4.4
Dodging        | |  2.8

Action                   |  1- 3 |  4- 6 |  7- 9 | 10-12 || total
-------------------------+-------+-------+-------+-------++-------
Melee: Spear             |   131 |   125 |   264 |    26 ||   546
       Headbutt          |    17 |    19 |    69 |     2 ||   107
Invok: Berserk           |     1 |     2 |     4 |     1 ||     8
       Trog's Hand       |       |     1 |     5 |     1 ||     7
  Use: Scroll            |     1 |       |       |       ||     1
Armor: Plate armour      |   103 |    97 |   116 |     8 ||   324
       Animal skin       |     1 |       |       |       ||     1
Dodge: Dodged            |    38 |    44 |    58 |     2 ||   142
Block: Buckler           |       |       |    28 |     7 ||    35

Table legend: (Time is in decaauts)
 A = Elapsed time spent in this place.
 B = Non-inter-level travel time spent in this place.
 C = Inter-level travel time spent in this place.
 D = Time resting spent in this place.
 E = Time spent auto-exploring this place.
 F = Levels seen in this place.
 G = Mean time per level.
                   A        B        C        D        E       F      G
               +--------+--------+--------+--------+--------+-----+--------+
         Total |   6184 |   5306 |    878 |      0 |   4309 |   8 |  773.0 |
       Dungeon |   6184 |   5306 |    878 |      0 |   4309 |   8 |  773.0 |
               +--------+--------+--------+--------+--------+-----+--------+

Top non-repeatable levels by time:
     D:6: 1350 daAuts
     D:5: 1172 daAuts
     D:3: 867 daAuts
     D:4: 820 daAuts
     D:2: 587 daAuts
     D:7: 568 daAuts
     D:1: 480 daAuts
     D:8: 339 daAuts
